 Dungeon Crawl Stone Soup version 0.29.0-13-gc9e81de378 (webtiles) character file.

Game seed: 1638481638497315277

685 Ofeo the Trooper (level 7, 0/56 HPs)
             Began as a Minotaur Fighter on Sept 8, 2022.
             Succumbed to a killer bee's poison
             ... on level 6 of the Dungeon.
             The game lasted 00:04:08 (5741 turns).

Ofeo the Trooper (Minotaur Fighter)                 Turns: 5741, Time: 00:04:08

Health: 0/56       AC: 12    Str: 24    XL:     7   Next: 35%
Magic:  6/6        EV:  8    Int:  5    God:
Gold:   125        SH:  4    Dex:  5    Spells: 6/6 levels left

rFire   + . .      SeeInvis .   b - +6 mace of Foul Odours {freeze, rF+ Str+2 Dex-3}
rCold   . . .      Faith    .   c - +0 buckler
rNeg    . . .      Spirit   .   q - +0 chain mail
rPois   .          Reflect  .   (helmet restricted)
rElec   .          Harm     .   f - +0 cloak
rCorr   .          Rampage  .   (no gloves)
Will    .....                   l - +0 pair of boots
Stlth   ..........              (no amulet)
HPRegen 0.18/turn               (no ring)
MPRegen 0.10/turn               (no ring)

@: lethally poisoned (0 -> -5), flying
A: horns 2, retaliatory headbutt, hooves 1, clumsy 1, frail 1
a: no special abilities


You were on level 6 of the Dungeon.
You visited 1 branch of the dungeon, and saw 6 of its levels.

You collected 125 gold pieces.

Inventory:

Hand Weapons
 a - a +0 war axe of venom
 b - the +6 mace of Foul Odours (weapon) {freeze, rF+ Str+2 Dex-3}
   (You found it on level 4 of the Dungeon)

   It freezes those it strikes, dealing additional cold damage.
   It can also slow down cold-blooded creatures.
   Str:       It affects your strength (+2).
   Dex:       It affects your dexterity (-3).
   rF:        It protects you from fire.
Missiles
 z - 9 javelins (quivered)
Armour
 c - a +0 buckler (worn)
 f - a +0 cloak (worn)
 l - a +0 pair of boots (worn)
 q - a +0 chain mail (worn)
 r - a +0 scale mail
Jewellery
 g - a ring of flight
 v - a ring of magical power
Wands
 u - a wand of light (7)
Scrolls
 h - a scroll of vulnerability {unknown}
 i - 3 scrolls of identify {@r1}
 j - a scroll of enchant weapon {unknown}
 k - 2 scrolls of magic mapping
 m - a scroll of enchant armour {unknown}
 n - a scroll of immolation
 o - a scroll of fog
 p - 5 scrolls of teleportation {@r3}
 t - a scroll of fear {unknown}
 x - a scroll of silence {unknown}
 y - a scroll of amnesia
Potions
 d - a potion of might {@q4}
 e - a potion of degeneration
 s - 3 potions of mutation


   Skills:
 + Level 6.0 Fighting
 + Level 5.3 Axes
 + Level 6.0 Armour
 + Level 6.0 Shields


You had 6 spell levels left.
You didn't know any spells.
Your spell library contained the following spells:

 Spells                   Type           Power      Damage    Failure   Level
 Apportation              Tloc           0%         N/A       99%         1
 Necrotise                Necr           0%         1d4       99%         1
 Summon Small Mammal      Summ           0%         N/A       99%         1
 Call Canine Familiar     Summ           0%         N/A       100%        3
 Summon Guardian Golem    Hex/Summ       0%         N/A       100%        3


Dungeon Overview and Level Annotations

Branches:
Dungeon (6/15)
 Temple: D:4-7

Altars:
Zin

Shops:
D:4 (


Innate Abilities, Weirdness & Mutations

You have a pair of horns on your head.
You reflexively headbutt those who attack you in melee.
You have large cloven feet.
You are clumsy. (Dex -2)
You are frail. (-10% HP)


Message History

* * * LOW HITPOINT WARNING * * *
You are lethally poisoned!
The killer bee poisons you!
You take 10 damage, and have 13/55 hp.
You barely miss the killer bee. Your headbutt misses the killer bee.
The killer bee is severely wounded.
* * * LOW HITPOINT WARNING * * *
You feel very sick. The killer bee closely misses you.
The killer bee barely misses you. You furiously retaliate!
You headbutt the killer bee.
You take 5 damage, and have 8/55 hp.
You barely miss the killer bee.
The killer bee is severely wounded.
* * * LOW HITPOINT WARNING * * *
You feel very sick.
The killer bee stings you but does no damage. x2
The killer bee closely misses you. You furiously retaliate!
You headbutt the killer bee.
You take 3 damage, and have 5/55 hp.
It was a potion of flight.
You feel very buoyant.
You fly up into the air.
* * * LOW HITPOINT WARNING * * *
You feel sick.
The killer bee barely misses you. x2; You furiously retaliate!
You headbutt the killer bee!
You kill the killer bee!
Your Fighting skill increases to level 6!
Your Armour skill increases to level 6!
Your Shields skill increases to level 6!
You take 1 damage, and have 4/56 hp.
Okay, then.
You miss the killer bee.
* * * LOW HITPOINT WARNING * * *
You feel sick. The killer bee barely misses you. You furiously retaliate!
You headbutt the killer bee.
The killer bee stings you but does no damage.
You take 2 damage, and have 2/56 hp.
You closely miss the killer bee.
The killer bee is lightly wounded.
You die...

### | ..# ...
#.# #..###.#
#yyy@.#
#..###.######.
###..###........
..........######
###.>###..# #
#..# #..# #..#
#..#


You could see 3 killer bees.

Vanquished Creatures
  A water moccasin (D:5)
  A phantom (D:4)
  A scorpion (D:5)
  2 killer bees (D:6)
  2 hounds (D:5)
  A jelly (D:6)
  A gnoll bouda (D:5)
  An iguana (D:5)
  An orc wizard (D:5)
  Robin (D:2)
  5 gnolls (D:5)
  5 adders (D:5)
  3 worms
  10 orcs
  2 ball pythons (D:1)
  2 endoplasms (D:3)
  3 giant cockroaches
  9 goblins
  8 hobgoblins
  4 kobolds
  2 quokkas
  2 bats
  3 frilled lizards
  A rat (D:1)
71 creatures vanquished.

Notes
Turn   | Place    | Note
-------+----------+-------------------------------------------
     0 | D:1      | Ofeo the Minotaur Fighter began the quest for the Orb.
     0 | D:1      | Reached XP level 1. HP: 19/19 MP: 0/0
   239 | D:1      | Reached XP level 2. HP: 27/27 MP: 1/1
   621 | D:2      | Noticed Robin
   623 | D:2      | Gained mutation: You are frail. (-10% HP) [potion of
                  | mutation]
   623 | D:2      | Gained mutation: You are clumsy. (Dex -2) [potion of
                  | mutation]
   623 | D:2      | Gained mutation: You have large cloven feet. [potion of
                  | mutation]
   627 | D:2      | Killed Robin
   628 | D:2      | Reached XP level 3. HP: 19/29 MP: 2/2
  2228 | D:4      | Noticed a phantom
  2251 | D:4      | Killed a phantom
  2252 | D:4      | Reached XP level 4. HP: 20/36 MP: 3/3
  2493 | D:4      | Found a glowing silver altar of Zin.
  2536 | D:4      | Found Nukoken's Weapon Shop.
  2729 | D:4      | Identified the +6 mace of Foul Odours {freeze, rF+ Str+2
                  | Dex-3}
  2898 | D:4      | Reached XP level 5. HP: 42/42 MP: 4/4
  3586 | D:5      | Entered Level 5 of the Dungeon
  3613 | D:5      | Found a glowing drain.
  3636 | D:5      | Reached skill level 5 in Fighting
  3636 | D:5      | Reached skill level 5 in Armour
  3636 | D:5      | Reached skill level 5 in Shields
  4199 | D:5      | Reached XP level 6. HP: 50/50 MP: 5/5
  4637 | D:5      | Noticed a water moccasin
  4645 | D:5      | Killed a water moccasin
  5051 | D:5      | Reached skill level 5 in Axes
  5054 | D:5      | Reached XP level 7. HP: 51/55 MP: 6/6
  5481 | D:5      | Identified the +1 cloak "Zuckoger" {Harm rC- MP+9 Str+2}
  5740 | D:6      | HP: 2/56 [poisoned by a killer bee]
  5741 | D:6      | Succumbed to a killer bee's poison

Illustrated notes

Levels and vault maps discovered:
D:1:      sevenhm_arrival_forest_fort_large_2, layout_loops_ring,
          hellmonk_ecumenical_altar_heavens_door
D:2:      layout_loops_ring, serial_co_window_serial,
          co_window_of_opportunity_a, co_window_paths_a, co_window_corner_a,
          co_window_paths_b, co_window_paths_a, co_window_corner_a,
          co_window_corner_a, co_window_broadway_c, co_window_of_opportunity_c,
          co_window_unsneaky_path_a, co_window_sun, co_window_paths_d,
          uniq_robin, uniq_crazy_yiuf_cottage, uniq_terence
D:3:      layout_loops_ring, kennysheep_generic_room_11
D:4:      layout_loops_corners, mainiacjoe_overflow_surrounded_room,
          serial_shops, kennysheep_mini
D:5:      layout_gridville, gup_sewer_entry_glass, grunt_ministairs_9
D:6:      layout_loops_ring, nicolae_overflow_squiral, fedhas_altar_fruit_tree,
          amethyst_overflow_temple_binary, serial_shops,
          nicolae_shop_advertising_works [nicolae_subvault_shop_adworks],
          minmay_a_box_with_orc_wizards_in_it

Skill      XL: |  1  2  3  4  5  6  7 |
---------------+----------------------+-----
Fighting       | 4 5 6 |  6.0
Axes           | 3 4 5 |  5.3
Armour         | 4 5 6 |  6.0
Shields        | 4 5 6 |  6.0

Action                   |  1- 3 |  4- 6 |  7- 9 || total
-------------------------+-------+-------+-------++-------
Melee: War axe           |    67 |     3 |       ||    70
       Headbutt          |     8 |     8 |     3 ||    19
       Mace              |       |    67 |    21 ||    88
  Use: Potion            |     6 |     2 |     1 ||     9
       Scroll            |       |     8 |       ||     8
Armor: Scale mail        |    40 |    41 |    10 ||    91
       Chain mail        |       |       |     9 ||     9
Dodge: Dodged            |    35 |    36 |    17 ||    88
Block: Buckler           |    11 |    19 |     6 ||    36
